 Dungeon Crawl Stone Soup version 0.30-a0-760-g5a9884bb7c (webtiles) character file.

Game seed: 6841272743238155161

1537 Aneyh the Fighter (level 8, -1/60 HPs)
             Began as a Tengu Monk on Feb 12, 2023.
             Slain by a water moccasin (8 damage)
             ... on level 6 of the Dungeon.
             The game lasted 00:10:28 (4594 turns).

Aneyh the Fighter (Tengu Monk)                      Turns: 4594, Time: 00:10:29

Health: -1/60      AC:  6    Str: 15    XL:     8   Next: 86%
Magic:  0/9        EV: 15    Int: 10    God:
Gold:   215        SH:  0    Dex: 16    Spells: 5/7 levels left

rFire   + . .      SeeInvis .    a - +0 rapier (venom)
rCold   + . .      Faith    .    (no shield)
rNeg    . . .      Spirit   .    o - +2 leather armour {rC+}
rPois   .          Reflect  .    (helmet restricted)
rElec   .          Harm     .    s - +0 cloak
rCorr   +          Rampage  .    (no gloves)
Will    .....                    (boots unavailable)
Stlth   ++                       (no amulet)
HPRegen 0.30/turn                p - ring of protection from fire
MPRegen 0.11/turn                g - ring of resist corrosion

@: flying quickly and evasively, very slightly contaminated, quick
A: beak, talons 3, nimble flight
a: no special abilities


You were on level 6 of the Dungeon.
You visited 2 branches of the dungeon, and saw 7 of its levels.

You collected 215 gold pieces.

Inventory:

Hand Weapons
 a - a +0 rapier of venom (weapon)
 b - a +0 shortbow
 h - a +1 short sword of speed
 w - a +0 battleaxe
 F - a +0 spear
Missiles
 z - 3 atropa-tipped darts
Armour
 o - a +2 leather armour of cold resistance (worn)
 s - a +0 cloak (worn)
 H - a +0 robe
Jewellery
 d - a ring of flight
 g - a ring of resist corrosion (right hand)
 m - a ring of resist corrosion
 p - a ring of protection from fire (left hand)
 q - a ring of protection from fire
Wands
 y - a wand of paralysis (15)
Scrolls
 c - a scroll of poison {unknown}
 e - a scroll of fog {unknown}
 i - a scroll of teleportation {unknown}
 k - a scroll of acquirement {unknown}
 r - a scroll of fear
 t - a scroll of enchant weapon {unknown}
 u - a scroll of noise {unknown}
 v - 2 scrolls of vulnerability {unknown}
 B - 2 scrolls of immolation
 E - a scroll of butterflies {unknown}
Potions
 f - 3 potions of attraction
 j - a potion of might
 l - 2 potions of brilliance
 n - a potion of berserk rage
 x - a potion of haste {unknown}
 A - 2 potions of curing
 C - 2 potions of flight {unknown}
 D - a potion of cancellation {unknown}
 G - a potion of lignification {unknown}


   Skills:
 + Level 11.0 Fighting
 - Level 3.2 Polearms
 - Level 3.2 Dodging
 - Level 2.0 Stealth
 * Level 1.9 Summonings


You had 5 spell levels left.
You knew the following spells:

 Your Spells              Type           Power      Damage    Failure   Level
a - Call Imp              Summ           3%         N/A       32%         2

Your spell library contained the following spells:

 Spells                   Type           Power      Damage    Failure   Level
 Magic Dart               Conj           0%         1d3       43%         1
 Mephitic Cloud           Conj/Pois/Air  0%         N/A       80%         3


Dungeon Overview and Level Annotations

Branches:
Dungeon (6/15)             Temple (1/1) D:4

Altars:
Ashenzari
Cheibriados
Dithmenos
Elyvilon
Fedhas
Gozag
Kikubaaqudgha
Makhleb
Nemelex Xobeh
Okawaru
Qazlal
Ru
Sif Muna
Trog
Uskayaw
Vehumet
Wu Jian
Xom
Yredelemnul
Zin
The Shining One

Shops:
D:6 [


Innate Abilities, Weirdness & Mutations

You have a beak for a mouth.
You have claws for feet.
Your magical nature lets you fly swiftly and evasively.


Message History

You completely miss the water moccasin. You peck the water moccasin.
The water moccasin is severely wounded.
You feel very sick.
The water moccasin looks more healthy.
The water moccasin closely misses you. The water moccasin bites you.
* * * LOW HITPOINT WARNING * * *
You closely miss the water moccasin. You peck the water moccasin.
The water moccasin is almost dead.
* * * LOW HITPOINT WARNING * * *
You feel very sick. The water moccasin bites you.
* * * LOW HITPOINT WARNING * * *
The water moccasin closely misses you.
You feel better. The water moccasin closely misses you.
You closely miss the water moccasin. Your kick misses the water moccasin.
The water moccasin is almost dead.
The water moccasin misses you. The water moccasin bites you.
* * * LOW HITPOINT WARNING * * *
You swap places.
Something bites your crimson imp. Something bites your crimson imp!
Something bites your crimson imp but does no damage.
Your crimson imp hits the water moccasin.
The water moccasin bites your crimson imp!
Your crimson imp dies!
Your crimson imp disappears in a puff of smoke!
You are too injured to fight recklessly!
Casting: Call Imp (dangerous; 32% risk of failure)
Press: ? - help, Q - select action, (/) - cycle Dir - look around, f - activate You miscast Call Imp.
You are very lightly contaminated with residual magic.
Nothing appears to happen.
Casting: Call Imp (dangerous; 32% risk of failure)
Press: ? - help, Q - select action, (/) - cycle Dir - look around, f - activate A beastly little devil appears in a puff of frigid air.
You hit the water moccasin but do no damage.
The water moccasin is poisoned.
Your kick misses the water moccasin.
The water moccasin is almost dead.
The water moccasin bites you but does no damage.
The water moccasin bites you!
You die...

##. # #.### #. #..#. . ..
####.#.# #.# .. ....#.#
#.##########. ..
#..#.#####............ #.
###..#.##.......<....# #.
#.....S@.....[...###.# #.
#.#.##5.##.##.##..###.##.
#..##.##.###..........##[......<.
#......§## ##...##.######.###.###
...#####S###....##.######.###.###
##.#.###.##...........8.8. ##.##
#.#########.###.⌠.⌠ #.# #.#
#.###8.∩. ..# #.#########.#...⌠.⌠


You could see a water moccasin (very poisoned, ally target) and a friendly white
imp (summoned).

Vanquished Creatures
  Grinder (D:4)
  Sigmund (D:6)
  A centaur (D:6)
  3 kobold brigands (D:5)
  A bullfrog (D:5)
  Blork the orc (D:5)
  5 scorpions
  A necrophage (D:3)
  4 hounds
  3 orc priests (D:5)
  2 orc wizards (D:4)
  3 gnolls (D:3)
  6 adders
  An ufetubus (D:4)
  2 dart slugs (D:4)
  10 orcs
  5 endoplasms
  5 giant cockroaches
  8 goblins
  3 hobgoblins
  5 jackals
  7 kobolds
  2 quokkas
  3 ball pythons (D:1)
  4 bats
  2 frilled lizards
  5 rats
  A butterfly (D:4)
95 creatures vanquished.

Notes
Turn   | Place    | Note
-------+----------+-------------------------------------------
     0 | D:1      | Aneyh the Tengu Monk began the quest for the Orb.
     0 | D:1      | Reached XP level 1. HP: 14/14 MP: 2/2
   186 | D:1      | Reached XP level 2. HP: 19/19 MP: 3/3
   440 | D:1      | Reached skill level 4 in Fighting
   515 | D:1      | Reached XP level 3. HP: 23/24 MP: 4/4
  1134 | D:2      | Found a faded altar of an unknown god.
  1327 | D:3      | Reached XP level 4. HP: 30/30 MP: 5/5
  1389 | D:3      | Reached skill level 5 in Fighting
  1855 | D:3      | Gained mutation: Your magical nature lets you fly swiftly
                  | and evasively. [Tengu growth]
  1855 | D:3      | Reached XP level 5. HP: 35/35 MP: 6/6
  2085 | D:3      | Reached skill level 6 in Fighting
  2151 | D:4      | Reached XP level 6. HP: 34/42 MP: 7/7
  2283 | D:4      | Noticed Grinder
  2392 | D:4      | Reached skill level 7 in Fighting
  2496 | D:4      | Paralysed by Grinder for 3 turns
  2517 | D:4      | Killed Grinder
  2518 | D:4      | Reached skill level 8 in Fighting
  2518 | D:4      | Reached XP level 7. HP: 22/49 MP: 8/8
  2774 | D:4      | Found a staircase to the Ecumenical Temple.
  2939 | Temple   | Entered the Ecumenical Temple
  3194 | D:5      | Entered Level 5 of the Dungeon
  3228 | D:5      | HP: 2/73 [orc priest/+0 flail (8)]
  3592 | D:4      | Gained mutation: You are vulnerable to heat. (rF-) [potion
                  | of mutation]
  3592 | D:4      | Gained mutation: Armour fits poorly on your strangely
                  | shaped body. [potion of mutation]
  3593 | D:4      | Lost mutation: Armour fits poorly on your strangely shaped
                  | body. [potion of mutation]
  3593 | D:4      | Lost mutation: You are vulnerable to heat. (rF-) [potion of
                  | mutation]
  3728 | D:5      | Reached skill level 9 in Fighting
  3761 | D:5      | Noticed Blork the orc
  3770 | D:5      | Killed Blork the orc
  4065 | D:5      | Noticed a kobold demonologist
  4076 | D:5      | Noticed a sixfirhy
  4078 | D:5      | Noticed a kobold demonologist
  4078 | D:5      | Noticed a kobold demonologist
  4111 | D:6      | Noticed Sigmund
  4117 | D:6      | Killed Sigmund
  4118 | D:6      | Reached XP level 8. HP: 50/57 MP: 9/9
  4162 | D:5      | Reached skill level 10 in Fighting
  4297 | D:6      | Found Pifoet's Armour Emporium.
  4399 | D:6      | Learned a level 2 spell: Call Imp
  4417 | D:6      | Reached skill level 1 in Summonings
  4422 | D:6      | Reached skill level 11 in Fighting
  4594 | D:6      | Slain by a water moccasin

Illustrated notes

Levels and vault maps discovered:
D:1:      dpeg_arrival_court, layout_loops_ring
D:2:      layout_basic, dreamdust_ecumenical_altar_statues, dk_vineyard_3
D:3:      layout_rooms
D:4:      layout_rooms, minmay_temple_entry_butterflies, uniq_grinder
D:5:      layout_basic, uniq_blork_the_orc
D:6:      layout_loops_ring, serial_shops, nicolae_inconvenience_store,
          nicolae_square_shop, kennysheep_mini,
          nicolae_shop_temple_entry_statues_fountains, uniq_sigmund
Temple:   mainiacjoe_temple_archimedes_tessellation

Skill      XL: |  1  2  3  4  5  6  7  8 |
---------------+-------------------------+-----
Fighting       | 4 5 6 8 9 11 | 11.0
Summonings     | 1 |  1.9
Polearms       | |  3.2
Dodging        | |  3.2
Stealth        | |  2.0

Action                     |  1- 3 |  4- 6 |  7- 9 || total
---------------------------+-------+-------+-------++-------
  Melee: Spear             |    73 |   145 |    30 ||   248
         Kick              |    17 |    48 |    37 ||   102
         Peck              |     7 |    32 |    22 ||    61
         Rapier            |       |       |    85 ||    85
   Fire: Shortbow          |       |       |     1 ||     1
  Throw: Dart              |       |     3 |     3 ||     6
   Cast: Call Imp          |       |       |     3 ||     3
    Use: Potion            |       |     1 |     6 ||     7
         Scroll            |       |       |     6 ||     6
   Stab: Sleeping          |     9 |     1 |     1 ||    11
 Armour: Robe              |     5 |       |       ||     5
         Leather armour    |     1 |    31 |    27 ||    59
  Dodge: Dodged            |    25 |    80 |    90 ||   195

Table legend: (Time is in decaauts)
 A = Elapsed time spent in this place.
 B = Non-inter-level travel time spent in this place.
 C = Inter-level travel time spent in this place.
 D = Time resting spent in this place.
 E = Time spent auto-exploring this place.
 F = Levels seen in this place.
 G = Mean time per level.
                   A        B        C        D        E       F      G
               +--------+--------+--------+--------+--------+-----+--------+
         Total |   4471 |   4301 |    170 |   1297 |   2093 |   7 |  638.7 |
       Dungeon |   4281 |   4127 |    154 |   1297 |   1938 |   6 |  713.5 |
        Temple |    189 |    173 |     16 |      0 |    155 |   1 |  189.0 |
               +--------+--------+--------+--------+--------+-----+--------+

Top non-repeatable levels by time:
     D:4: 1125 daAuts
     D:3: 825 daAuts
     D:1: 701 daAuts
     D:5: 695 daAuts
     D:2: 598 daAuts
     D:6: 335 daAuts
  Temple: 189 daAuts
